 Dungeon Crawl Stone Soup version 0.26.1-11-gd32895ea62 (webtiles) character file.

Game seed: 12575693350504816147

6101 growler the Zephyrmancer (level 10, 0/60 HPs)
             Began as a Tengu Air Elementalist on Apr 15, 2021.
             Was a Believer of Vehumet.
             Slain by a fire dragon (4 damage)
             ... on level 8 of the Dungeon on Apr 20, 2021.
             The game lasted 00:36:34 (16332 turns).

growler the Zephyrmancer (Tengu Air Elementalist)  Turns: 16332, Time: 00:36:34

Health: 0/60       AC:  6    Str:  8    XL:     10   Next: 88%
Magic:  13/18      EV: 15    Int: 20    God:    Vehumet [**....]
Gold:   376        SH:  0    Dex: 14    Spells: 4/19 levels left

rFire    . . .     SeeInvis .   w - +1 rapier (venom)
rCold    . . .     Faith    .   (no shield)
rNeg     . . .     Spirit   .   k - +2 robe {Will+}
rPois    .         Reflect  .   (helmet restricted)
rElec    .         Harm     .   j - +0 cloak
rCorr    .         Rampage  .   e - +0 pair of gloves
Will     +....                  (boots unavailable)
Stlth    ++........             (no amulet)
HPRegen  0.20/turn              (no ring)
MPRegen  0.16/turn              (no ring)

@: about to teleport, flying quickly and evasively, quick
A: beak, talons 3, able to fly
a: Stop Flying, Renounce Religion


You were on level 8 of the Dungeon.
You worshipped Vehumet.
Vehumet was pleased with you.
You visited 2 branches of the dungeon, and saw 9 of its levels.
You also visited: Sewer.

You collected 376 gold pieces.

Inventory:

Hand Weapons
 m - a +3 dagger
   (You took it off a goblin on level 3 of the Dungeon)
 w - a +1 rapier of venom (weapon)
   (You took it off Eustachio on level 4 of the Dungeon)
Missiles
 y - 2 throwing nets {!f}
Armour
 a - a cursed +0 kite shield
   (You found it on level 5 of the Dungeon)
 e - a +0 pair of gloves (worn)
   (You found it on level 5 of the Dungeon)
 j - a +0 cloak (worn)
   (You found it on level 1 of the Dungeon)
 k - a +2 robe of willpower (worn)
   (You took it off a wight on level 5 of the Dungeon)
Jewellery
 G - an uncursed amulet of the acrobat
   (You took it off a gnoll on level 8 of the Dungeon)
Wands
 d - a wand of iceblast (7)
   (You found it on level 6 of the Dungeon)
 t - a wand of flame (8)
   (You found it on level 5 of the Dungeon)
 D - a wand of polymorph (5)
   (You found it on level 8 of the Dungeon)
Scrolls
 c - 2 scrolls of random uselessness {unknown}
 f - 2 scrolls of blinking {unknown}
 h - 5 scrolls of enchant weapon
 n - a scroll of remove curse {@r2}
 r - 3 scrolls of noise {!r}
 s - 2 scrolls of magic mapping {unknown}
 u - a scroll of fog {unknown}
 x - a scroll of amnesia {unknown}
 z - a scroll of enchant armour {unknown}
 A - 2 scrolls of fear {unknown}
 B - 2 scrolls of identify {@r1}
 C - a scroll of immolation {unknown}
Potions
 b - 5 potions of might
 g - 8 potions of heal wounds {@q2}
 i - a potion of lignification {!q}
 l - 6 potions of curing {@q1}
 o - 2 potions of invisibility
 p - a potion of magic {unknown}
 v - 2 potions of attraction {!q}
 E - a potion of mutation {unknown}
 F - a potion of degeneration {unknown}
 H - a potion of resistance {unknown}


   Skills:
 + Level 6.2 Fighting
 - Level 2.1 Dodging
 - Level 2.0 Stealth
 + Level 6.3 Shields
 - Level 5.0 Spellcasting
 - Level 9.0 Conjurations
 + Level 13.3 Air Magic


You had 4 spell levels left.
You knew the following spells:

 Your Spells              Type           Power        Failure   Level
a - Shock                 Conj/Air       100%         1%          1
b - Airstrike             Air            27%          1%          4
c - Lightning Bolt        Conj/Air       24%          3%          5
d - Static Discharge      Conj/Air       49%          1%          3
s - Swiftness             Air            55%          1%          2

Your spell library contained the following spells:

 Spells                   Type           Power        Failure   Level
 Foxfire                  Conj/Fire      92%          1%          1
 Conjure Flame            Conj/Fire      23%          5%          3
 Animate Skeleton         Necr           10%          12%         1
 Apportation              Tloc           10%          12%         1
 Corona                   Hex            5%           12%         1
 Summon Small Mammal      Summ           20%          12%         1
 Sticky Flame             Conj/Fire      23%          19%         4
 Inner Flame              Hex/Fire       5%           34%         3
 Fireball                 Conj/Fire      11%          45%         5


Dungeon Overview and Level Annotations

Branches:
Dungeon (8/15)             Temple (1/1) D:6            Lair (0/6) D:8
  Sewer (visited)

Altars:
Ashenzari
Cheibriados
Dithmenos
Elyvilon
Fedhas
Gozag
Hepliaklqana
Kikubaaqudgha
Makhleb
Nemelex Xobeh
Okawaru
Qazlal
Ru
Sif Muna
Trog
Uskayaw
Vehumet
Wu Jian
Xom
Yredelemnul
Zin
The Shining One

Annotations:
D:4 Pikel


Innate Abilities, Weirdness & Mutations

You have a beak for a mouth.
You have claws for feet.
You can fly continuously.


Message History

Aim: a komodo dragon shaped shifter (almost dead)
The air twists around and strikes the komodo dragon!
You kill the komodo dragon!
Vehumet accepts your kill.
You feel your power returning.
Unknown command.
A bullfrog skeleton comes into view.
Aim: a bullfrog skeleton (wandering, hasn't noticed you)
The air twists around and strikes the bullfrog skeleton!
Aim: a bullfrog skeleton (heavily damaged)
The air twists around and strikes the bullfrog skeleton!
You destroy the bullfrog skeleton!
Vehumet accepts your kill.
You feel your power returning.
You see here 3 arrows.
Things that are here:
32 arrows; a cursed -1 shortbow; a +0 whip
Found a hardcover book.
You pick up a book of Flames and begin reading...
You add the spells Foxfire, Conjure Flame, Inner Flame, Sticky Flame and Fireball to your library.
A worker ant comes into view.
Aim: a worker ant (wandering, hasn't noticed you)
The air twists around and strikes the worker ant!
Aim: a worker ant (almost dead)
The air twists around and strikes the worker ant!
You kill the worker ant!
Vehumet accepts your kill.
You see here a worker ant corpse.
You reach down and open the large door.
A fire dragon and a cyclops come into view.
The fire dragon roars deafeningly!
Found a paperback book and a glowing hand crossbow.
You don't know that spell.
Aim: a cyclops, quivering 4 large rocks (wandering, hasn't noticed you, 3% to evade)
You hear a mighty clap of thunder!
The bolt of lightning hits the fire dragon!
The bolt of lightning hits the cyclops!
The cyclops shouts!
The cyclops throws a large rock.
The large rock completely misses you. The fire dragon breathes flames at you.
The blast of flame hits you!!!
Ouch! That really hurt!
* * * LOW HITPOINT WARNING * * *
As you read the scroll of teleportation {@r4}, it crumbles to dust.
You feel strangely unstable. The fire dragon bites you!
* * * LOW HITPOINT WARNING * * *
The fire dragon claws you.
* * * LOW HITPOINT WARNING * * *
The fire dragon tramples you.
You die...

####♣.♣## ### #.# ### ##♣.♣##
#.#♣♣(♣♣ ♣♣♣♣♣.♣♣♣♣♣♣♣#.....#
#.#♣.♣.♣# ♣...........♣#.♣♣♣.#
#.#..♣..# ♣.♣♣♣♣♣♣♣♣♣.♣#.♣ ♣.#
#.#.♣♣♣.# ♣.♣.†.....♣.♣#.♣ ♣.#
#.#..♣..# ♣.♣.####♣.♣.♣#.♣ ♣)#
#.#♣.♣.♣# ♣.♣.#:)#♣.♣.♣#.♣♣♣.#
#.#..#..♣♣♣♣.♣.#..#♣.♣.♣♣.....#
#.#.#.#....♣.♣@#''#♣.♣.....♣..#
#.#..#..♣♣.♣.♣.D.C#♣.♣.♣♣.....#
#.#♣.♣.♣#♣.♣.♣#####♣.♣.♣#.♣♣♣.#
#.#..♣..#♣.♣.♣♣♣♣♣♣♣.♣.♣#.♣ ♣.#
#.#.♣♣♣.#♣.♣.........♣.♣#.♣ ♣.#
#.#..♣..#♣(♣♣♣♣♣♣♣♣♣♣♣.♣#.♣ ♣.#
#.#♣.♣.♣#♣.....(.......♣#.♣♣♣.#
#.#♣♣.♣♣ ♣♣♣♣♣♣♣.♣♣♣♣♣♣♣#...†.#
#.# ♣.♣ #######.#########♣)♣##


You could see a fire dragon and a cyclops.

Vanquished Creatures
  2 cyclopes (D:8)
  A komodo dragon (shapeshifter) (D:8)
  A vampire (D:8)
  4 yaks
  Eustachio (D:4)
  A steam dragon (D:8)
  Menkaure (D:5)
  A water moccasin (D:8)
  2 sky beasts
  4 necrophages (D:6)
  2 phantoms
  2 ogres (D:8)
  2 centaurs
  A big kobold (Sewer)
  Blork the orc (D:4)
  A gnoll sergeant (D:4)
  3 bullfrogs
  A water moccasin zombie (D:6)
  2 scorpions (D:8)
  A killer bee (D:8)
  10 wights
  2 howler monkeys
  An orc priest (D:4)
  2 centaur zombies
  A hound (D:6)
  7 orc wizards
  2 quasits
  3 centaur skeletons
  5 gnoll shamans
  2 bullfrog skeletons (D:8)
  2 jellies
  Jessica (D:2)
  3 iguanas
  5 worker ants
  Robin (D:2)
  47 gnolls
  9 adders
  A howler monkey skeleton (D:5)
  3 shadow imps
  2 white imps
  An ufetubus (D:8)
  2 oozes
  An adder zombie (D:6)
  2 adder skeletons (D:8)
  3 worms
  5 dart slugs
  6 leopard geckos
  24 orcs
  7 bats
  7 giant cockroaches
  2 gnoll zombies (D:8)
  11 goblins
  8 hobgoblins
  26 jackals
  25 kobolds
  6 quokkas
  A ball python (Sewer)
  7 frilled lizards
  A quokka skeleton (D:5)
  A quokka zombie (D:6)
  14 rats
  A bush (D:6)
304 creatures vanquished.

Vanquished Creatures (others)
  2 bushes (D:6)
  21 plants
23 creatures vanquished.

Grand Total: 327 creatures vanquished

Notes
Turn   | Place    | Note
-------+----------+-------------------------------------------
     0 | D:1      | growler the Tengu Air Elementalist began the quest for the
                  | Orb.
     0 | D:1      | Reached XP level 1. HP: 10/10 MP: 4/4
   256 | D:1      | Reached XP level 2. HP: 15/15 MP: 4/6
   510 | D:1      | Reached XP level 3. HP: 19/19 MP: 0/7
   863 | D:1      | You fall into a shaft and drop 1 floor!
  1509 | D:2      | Noticed Jessica
  1524 | D:2      | Killed Jessica
  1525 | D:2      | Reached skill level 5 in Air Magic
  1525 | D:2      | Reached XP level 4. HP: 24/24 MP: 6/9
  1660 | D:2      | Noticed Robin
  1707 | D:2      | Killed Robin
  1983 | D:2      | Gained mutation: You can fly continuously. [Tengu growth]
  1983 | D:2      | Reached XP level 5. HP: 28/28 MP: 10/10
  2403 | D:3      | Found a glowing drain.
  2498 | Sewer    | Entered a sewer
  2503 | Sewer    | Learned a level 2 spell: Swiftness
  2507 | Sewer    | Learned a level 3 spell: Static Discharge
  2512 | Sewer    | Learned a level 4 spell: Airstrike
  2537 | Sewer    | Noticed a big kobold
  2566 | Sewer    | Killed a big kobold
  2811 | Sewer    | Reached XP level 6. HP: 28/32 MP: 12/12
  3094 | Sewer    | Reached skill level 6 in Air Magic
  3808 | D:3      | Found a faded altar of an unknown god.
  4260 | D:3      | Found an iron altar of Okawaru.
  4260 | D:3      | Found a glowing golden altar of the Shining One.
  4326 | D:4      | Reached skill level 5 in Conjurations
  4408 | D:4      | Noticed Eustachio
  4422 | D:4      | Reached XP level 7. HP: 9/36 MP: 3/14
  4533 | D:4      | Killed Eustachio
  4534 | D:4      | Reached skill level 7 in Air Magic
  4872 | D:4      | Noticed Pikel
  4969 | D:4      | Noticed Blork the orc
  4972 | D:4      | Killed Blork the orc
  5444 | D:4      | Reached skill level 5 in Spellcasting
  5444 | D:4      | Reached XP level 8. HP: 33/41 MP: 9/16
  5765 | D:4      | Reached skill level 8 in Air Magic
  7186 | D:4      | Reached skill level 9 in Air Magic
  7991 | D:5      | Entered Level 5 of the Dungeon
  8310 | D:5      | Reached skill level 10 in Air Magic
  8560 | D:5      | Reached XP level 9. HP: 31/45 MP: 17/17
  8788 | D:5      | Noticed Menkaure
  8790 | D:5      | Killed Menkaure
  9075 | D:5      | Reached skill level 11 in Air Magic
  9582 | D:6      | Found a blossoming altar of Fedhas.
  9605 | D:6      | Found a glowing silver altar of Zin.
  9605 | D:6      | Found a shimmering altar of Xom.
  9606 | D:6      | Noticed an angel
  9832 | D:6      | Reached skill level 1 in Fighting
  9832 | D:6      | Reached skill level 1 in Shields
 10127 | D:6      | Found a staircase to the Ecumenical Temple.
 10132 | Temple   | Entered the Ecumenical Temple
 10170 | Temple   | Became a worshipper of Vehumet
 11006 | D:7      | Learned a level 5 spell: Lightning Bolt
 11985 | D:6      | Reached skill level 12 in Air Magic
 12157 | D:7      | Reached XP level 10. HP: 54/56 MP: 3/18
 12740 | D:7      | Reached * piety under Vehumet
 12740 | D:7      | Offered knowledge of Magic Dart by Vehumet.
 13795 | D:8      | Reached skill level 5 in Shields
 13902 | D:8      | Reached skill level 5 in Fighting
 13952 | D:8      | Found a white marble altar of Elyvilon.
 14351 | D:8      | Found a staircase to the Lair.
 14469 | D:8      | Found a basalt altar of Yredelemnul.
 14745 | D:8      | Offered knowledge of Foxfire by Vehumet.
 14906 | D:8      | Reached ** piety under Vehumet
 14930 | D:8      | Noticed a cyclops
 14995 | D:8      | Killed a cyclops
 15086 | D:8      | Noticed a cyclops
 15168 | D:8      | Killed a cyclops
 15169 | D:8      | Reached skill level 13 in Air Magic
 15973 | D:8      | Noticed an orb spider
 15974 | D:8      | an orb spider changed into a komodo dragon
 16329 | D:8      | Noticed a cyclops
 16329 | D:8      | Noticed a fire dragon
 16332 | D:8      | Slain by a fire dragon

Illustrated notes

Levels and vault maps discovered:
D:1:      psy_arrival_dodecagon, layout_rooms, patterned_corridor
D:2:      layout_basic, uniq_robin, uniq_jessica
D:3:      layout_basic, gammafunk_temple_overflow_statue,
          chequers_ecumenical_altar_grove, portal_sewer_entry_f
D:4:      lemuel_castle_with_subvaults [lemuel_castle_interior_carwin_1],
          layout_basic, uniq_eustachio, uniq_blork_the_orc, uniq_pikel
D:5:      layout_basic, minmay_misc_feat_room, uniq_menkaure
D:6:      layout_loops_ring, grunt_temple_overflow_order_and_chaos_1,
          fedhas_altar_decomposition, minmay_temple_entry_nine_rooms
D:7:      layout_loops_ring, moated_statue
D:8:      nzn_winding_woodlands_large [nzn_winding_woodlands_5x5_cross,
          nzn_winding_woodlands_5x15_concentric,
          nzn_winding_woodlands_5x5_three,
          nzn_winding_woodlands_center_diamonds,
          nzn_winding_woodlands_15x15_boxy_spiral,
          nzn_winding_woodlands_center_pierced_h,
          nzn_winding_woodlands_5x5_perimeter, nzn_winding_woodlands_5x15_twine,
          nzn_winding_woodlands_5x5_closed_star], layout_loops_ring,
          elyvilon_altar_3, lemuel_zombie_altar_yredelemnul
Temple:   eino_wide_crystal_templ

Skill      XL: |  1  2  3  4  5  6  7  8  9 10 |
---------------+-------------------------------+-----
Conjurations   | 2 3 4 5 6 9 |  9.0
Air Magic      | 5 6 7 10 12 13 | 13.3
Spellcasting   | 3 4 5 |  5.0
Fighting       | 4 6 |  6.2
Shields        | 4 6 |  6.3
Dodging        | |  2.1
Stealth        | |  2.0

Action                   |  1- 3 |  4- 6 |  7- 9 | 10-12 || total
-------------------------+-------+-------+-------+-------++-------
Melee: Unarmed           |     2 |       |       |       ||     2
       Dagger            |    29 |     4 |       |       ||    33
       Peck              |     4 |    17 |    20 |     2 ||    43
       Kick              |     3 |    19 |    39 |     4 ||    65
       Short sword       |       |    77 |    77 |       ||   154
       Rapier            |       |       |    64 |    15 ||    79
 Cast: Shock             |    49 |    98 |    10 |     4 ||   161
       Static Discharge  |       |     8 |    40 |     4 ||    52
       Airstrike         |       |     3 |   129 |    85 ||   217
       Lightning Bolt    |       |       |       |     8 ||     8
 Abil: Fly               |       |     1 |       |       ||     1
  Use: Scroll            |       |       |    11 |     1 ||    12
 Stab: Sleeping          |       |     2 |       |       ||     2
Armor: Robe              |    15 |    20 |    28 |     6 ||    69
Dodge: Dodged            |    52 |   107 |   150 |    29 ||   338
